 Dungeon Crawl Stone Soup version 0.31-a0-208-gdb31a4691d (webtiles) character file.

Game seed: 4328299617315412010

2527 rabbitsville the Cleaver (level 9, -12/77 HPs)
             Began as a Hill Orc Monk on June 29, 2023.
             Was a Believer of Hepliaklqana.
             Mangled by a hornet (13 damage)
             ... on level 7 of the Dungeon.
             The game lasted 00:15:20 (6443 turns).

rabbitsville the Cleaver (Hill Orc Monk)            Turns: 6443, Time: 00:15:21

Health: -12/77     AC: 17    Str: 18    XL:     9   Next: 54%
Magic:  10/10      EV:  6    Int: 10    God:    Hepliaklqana [**....]
Gold:   397        SH:  0    Dex: 11    Spells: 8/8 levels left

rFire   . . .        r - +0 battleaxe
rCold   . . .        (shield currently unavailable)
rNeg    . . .        D - +0 plate armour
rPois   +            (no helmet)
rElec   .            o - +0 cloak
rCorr   .            w - +0 pair of gloves
SInv    .            (no boots)
Will    .....        (no amulet) Stlth
                     j - +4 ring of protection
HPRegen 0.32/turn    B - ring of poison resistance
MPRegen 0.12/turn

%: no passive effects
@: lethally poisoned (-12 -> -21), attractive
A: reduced essence, clumsy 1
a: Renounce Religion, Recall Ancestor, Ancestor Identity


You were on level 7 of the Dungeon.
You worshipped Hepliaklqana.
Hepliaklqana was pleased with you.
You visited 2 branches of the dungeon, and saw 8 of its levels.

You collected 527 gold pieces.
You spent 130 gold pieces at shops.

Inventory:

Hand Weapons
 a - a +0 hand axe
 n - a +0 war axe
 r - a +0 battleaxe (weapon)
Armour
 b - a +0 robe
 d - an orb of light
 m - a +0 chain mail
 o - a +0 cloak (worn)
 w - a +0 pair of gloves (worn)
 D - a +0 plate armour (worn)
Jewellery
 j - a +4 ring of protection (left hand)
 B - a ring of poison resistance (right hand)
Wands
 y - a wand of flame (15) (quivered)
Scrolls
 e - 3 scrolls of identify
 f - 2 scrolls of fear
 g - a scroll of immolation
 l - 2 scrolls of amnesia
 p - 2 scrolls of brand weapon
 t - a scroll of fog
 u - a scroll of enchant armour
 x - 2 scrolls of teleportation
 A - a scroll of enchant weapon {unknown}
 E - a scroll of noise {unknown}
Potions
 c - a potion of enlightenment
 h - a potion of brilliance
 i - a potion of mutation
 q - a potion of berserk rage
 v - a potion of might


   Skills:
 * Level 10.7 Fighting
 * Level 11.7 Axes
 - Level 3.4 Armour
 - Level 2.4 Dodging
 + Level 2.4 Invocations


You had 8 spell levels left.
You didn't know any spells.
Your spell library contained the following spells:

 Spells                   Type           Power      Damage    Failure   Level
 Apportation              Tloc           0%         N/A       100%        1
 Beastly Appendage        Tmut           0%         N/A       100%        1
 Kiss of Death            Conj/Necr      0%         2d5       100%        1
 Necrotise                Necr           0%         1d4       100%        1
 Slow                     Hex            0%         N/A       100%        1
 Summon Small Mammal      Summ           0%         N/A       100%        1
 Cigotuvi's Dreadful Rot  Necr/Pois/Air  0%         N/A       100%        2
 Wereblood                Tmut           0%         N/A       100%        2
 Call Canine Familiar     Summ           0%         N/A       100%        3
 Confusing Touch          Hex            0%         N/A       100%        3
 Spider Form              Tmut/Pois      0%         N/A       100%        3
 Summon Guardian Golem    Hex/Summ       0%         N/A       100%        3
 Vampiric Draining        Necr           0%         2d6       100%        3
 Volatile Blastmotes      Fire/Tloc      0%         2d10      100%        3
 Fulminant Prism          Conj/Hex       0%         3d5       100%        4
 Iskenderun's Mystic Bla  Conj/Tloc      0%         2d3       100%        4
 Manifold Assault         Tloc           0%         N/A       100%        4
 Alistair's Intoxication  Tmut/Pois      0%         N/A       100%        5
 Iskenderun's Battlesphe  Conj           0%         2d6       100%        5
 Lee's Rapid Deconstruct  Erth           0%         3d4*      100%        5
 Dispersal                Tloc           0%         N/A       100%        6
 Leda's Unmaking          Conj/Erth      0%         9d1       100%        6
 Spellforged Servitor     Conj/Summ      0%         N/A       100%        7
 Borgnjor's Revivificati  Necr           0%         N/A       100%        8
 Disjunction              Tloc           0%         N/A       100%        8


Dungeon Overview and Level Annotations

Branches:
Dungeon (7/15)             Temple (1/1) D:6

Altars:
Ashenzari
Cheibriados
Dithmenos
Elyvilon
Fedhas
Gozag
Hepliaklqana
Kikubaaqudgha
Makhleb
Qazlal
Ru
Sif Muna
Trog
Vehumet
Wu Jian
Yredelemnul
Zin
The Shining One

Shops:
D:5 ?


Innate Abilities, Weirdness & Mutations

Your life essence is reduced to manifest your ancestor. (-10% HP)
You are clumsy. (Dex -2)


Message History

You feel better. The hornet barely misses you. The hornet stings you!
* * * LOW HITPOINT WARNING * * *
You feel yourself slow down.
Blink to where?
Press: ? - help, Dir - move target, p - hornet
As you read the scroll of blinking, it crumbles to dust.
You feel yourself speed up.
Okay, then.
Aiming: Throw Flame
Press: ? - help, Q - select action, (/) - cycle Shift-Dir - straight line, f - hornet
Aim: a hornet (almost dead, 52% to hit)
The puff of flame misses the hornet.
Blink to where?
Press: ? - help, Dir - move target, p - hornet
As you read the scroll of blinking, it crumbles to dust.
Aiming: Throw Flame
Press: ? - help, Q - select action, (/) - cycle Shift-Dir - straight line, f - hornet
Aim: a hornet (severely wounded, 52% to hit)
The puff of flame hits the hornet.
The hornet is almost dead.
Aiming: Throw Flame
Press: ? - help, Q - select action, (/) - cycle Shift-Dir - straight line, f/p - hornet
Aim: a hornet (almost dead, 52% to hit)
The puff of flame misses the hornet.
There is a stone staircase leading up here.
Aiming: Throw Flame
Press: ? - help, Q - select action, (/) - cycle Shift-Dir - straight line, f/p - hornet
Aim: a hornet (almost dead, 52% to hit)
The puff of flame hits the hornet.
The hornet is almost dead.
The hornet stings you.
* * * LOW HITPOINT WARNING * * *
You are lethally poisoned!
The hornet stings you but does no damage.
It was a potion of attraction.
You feel attractive to monsters.
* * * LOW HITPOINT WARNING * * *
You feel very sick. The hornet stings you!
You die...

#..##g.###y.##....#
#..###.###..###.....
#.# #..###.## #.####
#####......# #.###
#.#.......####...# #
#...####..##..#....
#.# #..# ##.....#..##
#..#y## ##..###.##.#
#..@####..####..#..
#.#..##............#
..###..........##..##
##.............## #.#
#.##...........# ..
## #..##....#.... ..
#.. ##...###... #..
#...# .#. #.. #.....
#


You could see a hornet.

Vanquished Creatures
  Prince Ribbit (D:6)
  Sigmund (D:6)
  An orc warrior (D:6)
  A black bear (D:5)
  2 ogres
  3 phantoms
  A bullfrog (D:4)
  2 scorpions
  2 howler monkeys (D:5)
  2 hounds (D:5)
  A jelly (D:6)
  A gnoll bouda (D:5)
  2 orc priests (D:6)
  2 sleepcaps (D:6)
  2 iguanas
  Natasha (thrice) (D:4)
  22 gnolls
  9 adders
  A white imp (D:6)
  2 ufetubi
  A worm (D:2)
  A dart slug (D:1)
  2 orcs (D:6)
  5 bats
  5 endoplasms
  A giant cockroach (D:1)
  40 goblins
  31 hobgoblins
  5 jackals
  2 quokkas
  7 ball pythons
  A frilled lizard (D:2)
  9 kobolds
  6 rats
177 creatures vanquished.

Vanquished Creatures (collateral kills)
  Grinder (D:6)
  A black bear (D:6)
  A phantom (D:7)
  A bullfrog (D:6)
  2 electric eels (D:6)
  An ufetubus (D:6)
  An orc (D:6)
8 creatures vanquished.

Vanquished Creatures (others)
  A battlemage (D:7)
1 creature vanquished.

Grand Total: 186 creatures vanquished

Notes
Turn   | Place    | Note
-------+----------+-------------------------------------------
     0 | D:1      | rabbitsville the Hill Orc Monk began the quest for the Orb.
     0 | D:1      | Reached XP level 1. HP: 19/19 MP: 1/1
    89 | D:1      | Reached XP level 2. HP: 23/27 MP: 2/2
   719 | D:2      | Reached XP level 3. HP: 26/34 MP: 3/3
   789 | D:2      | Reached skill level 5 in Axes
   809 | D:2      | Gained mutation: You are clumsy. (Dex -2) [potion of
                  | mutation]
   957 | D:2      | Found a shadowy altar of Dithmenos.
   984 | D:2      | Reached XP level 4. HP: 41/41 MP: 4/4
  1368 | D:3      | Found a shadowy altar of Dithmenos.
  1404 | D:3      | Reached skill level 5 in Fighting
  1651 | D:3      | Found a faded altar of an unknown god.
  1805 | D:3      | Got the Parchment of the Adder and the Catacomb
  1841 | D:3      | Reached XP level 5. HP: 48/48 MP: 5/5
  1845 | D:3      | Reached skill level 6 in Axes
  2331 | D:3      | Reached XP level 6. HP: 51/57 MP: 6/6
  2849 | D:4      | Found an ornate altar of the Wu Jian Council.
  2984 | D:4      | Noticed Natasha
  2989 | D:4      | Killed Natasha
  2990 | D:4      | Reached skill level 7 in Axes
  3027 | D:4      | Found a snail-covered altar of Cheibriados.
  3067 | D:4      | Noticed Natasha
  3074 | D:4      | Killed Natasha
  3124 | D:4      | Noticed Natasha
  3135 | D:4      | Killed Natasha
  3495 | D:4      | Reached XP level 7. HP: 31/66 MP: 7/7
  3671 | D:5      | Entered Level 5 of the Dungeon
  3677 | D:5      | Reached skill level 8 in Axes
  3930 | D:5      | Reached skill level 9 in Axes
  3930 | D:5      | Reached XP level 8. HP: 69/74 MP: 8/8
  3948 | D:5      | Found Venaet's Magic Scroll Shoppe.
  3956 | D:5      | Bought a scroll of identify for 26 gold pieces
  3956 | D:5      | Bought a scroll of identify for 26 gold pieces
  3956 | D:5      | Bought a scroll of identify for 26 gold pieces
  3956 | D:5      | Bought a scroll of identify for 26 gold pieces
  3956 | D:5      | Bought a scroll of identify for 26 gold pieces
  4031 | D:5      | Reached skill level 1 in Armour
  4314 | D:5      | Found a sacrificial altar of Ru.
  4983 | D:6      | Noticed Prince Ribbit
  4984 | D:6      | Noticed Sigmund
  4999 | D:6      | Killed Sigmund
  5000 | D:6      | Reached skill level 10 in Axes
  5022 | D:6      | Killed Prince Ribbit
  5137 | D:6      | Reached XP level 9. HP: 37/85 MP: 9/9
  5326 | D:6      | Found a staircase to the Ecumenical Temple.
  5333 | Temple   | Entered the Ecumenical Temple
  5398 | Temple   | Became a worshipper of Hepliaklqana the Forgotten
  5398 | Temple   | Reached * piety under Hepliaklqana
  5398 | Temple   | Reached ** piety under Hepliaklqana
  5475 | D:6      | Noticed Grinder
  5486 | D:6      | Killed Grinder
  5487 | D:6      | Reached skill level 10 in Fighting
  5487 | D:6      | Reached skill level 11 in Axes
  5618 | D:6      | Reached skill level 1 in Invocations
  5651 | D:6      | Remembered your ancestor Izel as a battlemage
  5779 | D:6      | Found a stormy altar of Qazlal.
  6173 | D:6      | Found a white marble altar of Elyvilon.
  6399 | D:7      | Noticed a hornet
  6431 | D:7      | HP: 1/77 [hornet (13)]
  6442 | D:7      | HP: 3/77 [hornet (2)]
  6443 | D:7      | HP: 1/77 [poisoned by a hornet]
  6443 | D:7      | Mangled by a hornet

Illustrated notes

Levels and vault maps discovered:
D:1:      spicycebolla_arrival_transporter_tutorial, layout_loops_ring
D:2:      layout_rooms, basic_altar
D:3:      minmay_goblin_kobold_castle, layout_loops_corners,
          mainiacjoe_overflow_concentric_impassable, basic_ecumenical_altar,
          minmay_goblin_kobold_house
D:4:      layout_cave_pools, cheibriados_altar_1, nzn_wu_jian_council_hall,
          uniq_natasha
D:5:      layout_layer_cave, hangedman_ru_absence, serial_glass,
          glass_columns_a, glass_columns_a, serial_shops, shop,
          minmay_tree_intersection, cheibrodos_gnoll_hut
D:6:      layout_loops_ring, nicolae_qazlal_scattered_showers,
          nicolae_elyvilon_temple_path, minmay_temple_entry_statues,
          uniq_prince_ribbit1, uniq_grinder, uniq_sigmund
D:7:      layout_layer_cave, kennysheep_small_circle
Temple:   chequers_temple_sunken

Skill      XL: |  1  2  3  4  5  6  7  8  9 |
---------------+----------------------------+-----
Fighting       | 4 5 6 7 8 9 10 | 10.7
Axes           | 5 6 7 9 10 11 | 11.7
Armour         | 3 |  3.4
Invocations    | 2 |  2.4
Dodging        | |  2.4

Action                     |  1- 3 |  4- 6 |  7- 9 || total
---------------------------+-------+-------+-------++-------
  Melee: Hand axe          |    76 |    13 |       ||    89
         War axe           |       |    30 |       ||    30
         Battleaxe         |       |   189 |   178 ||   367
 Invoke: Ancestor Life: Ba |       |       |     1 ||     1
  Evoke: Wand              |       |       |     7 ||     7
    Use: Potion            |     3 |       |     4 ||     7
         Scroll            |       |       |    16 ||    16
   Stab: Distracted        |       |       |     2 ||     2
 Armour: Robe              |    24 |       |       ||    24
         Chain mail        |     4 |   245 |   108 ||   357
         Plate armour      |       |       |    22 ||    22
  Dodge: Dodged            |    48 |   143 |    80 ||   271

Table legend: (Time is in decaauts)
 A = Elapsed time spent in this place.
 B = Non-inter-level travel time spent in this place.
 C = Inter-level travel time spent in this place.
 D = Time resting spent in this place.
 E = Time spent auto-exploring this place.
 F = Levels seen in this place.
 G = Mean time per level.
                   A        B        C        D        E       F      G
               +--------+--------+--------+--------+--------+-----+--------+
         Total |   6607 |   6402 |    205 |    169 |   4525 |   8 |  825.9 |
       Dungeon |   6504 |   6321 |    183 |    169 |   4525 |   7 |  929.1 |
        Temple |    103 |     81 |     22 |      0 |      0 |   1 |  103.0 |
               +--------+--------+--------+--------+--------+-----+--------+

Top non-repeatable levels by time:
     D:3: 1510 daAuts
     D:6: 1285 daAuts
     D:5: 1189 daAuts
     D:4: 990 daAuts
     D:1: 709 daAuts
     D:2: 665 daAuts
     D:7: 152 daAuts
  Temple: 103 daAuts
